 Dungeon Crawl Stone Soup version 0.19-a0-1057-g15bb84d (webtiles) character file.

104335 Gagarin the Thaumaturge (level 15, -13/118 HPs)
             Began as a Green Draconian Wizard on Aug 2, 2016.
             Was a High Priest of Sif Muna.
             Mangled by a dire flail of holy wrath (24 damage)
             ... on level 1 of the Elven Halls.
             The game lasted 04:31:03 (39794 turns).

Gagarin the Thaumaturge (Green Draconian Wizard)   Turns: 39794, Time: 04:31:04

Health: -13/118    AC: 21    Str: 10    XL:     15   Next: 91%
Magic:  3/41       EV: 20    Int: 30    God:    Sif Muna [*****.]
Gold:   407        SH:  0    Dex: 14    Spells: 13 memorised, 3 levels left

rFire  . . .     SeeInvis .     L - +3 short sword (elec)
rCold  . . .     Gourm    .     (armour unavailable)
rNeg   . . .     Faith    .     (no shield)
rPois  +         Spirit   .     a - +2 hat
rElec  +         Dismiss  .     V - +2 cloak
rCorr  .         Reflect  .     O - +2 pair of gloves
SustAt .         Harm     .     r - +3 pair of boots of Zakokem {rElec Int+9 Dex+3}
MR     ++...                    S - amulet of magic regeneration
Stlth  +++.......               X - ring of protection from magic
                                h - ring of magical power

@: about to teleport, repel missiles, drained, very resistant to hostile
enchantments, fairly stealthy
A: breathe noxious fumes, unfitting armour, stinger 1, poison resistance, weak
1, cold-blooded, MP-powered wands, AC +9
a: Breathe Noxious Fumes, Divine Energy, Channel Magic, Forget Spell, Renounce
Religion


You were on level 1 of the Elven Halls.
You worshipped Sif Muna.
Sif Muna was extremely pleased with you.
You were very hungry.

You visited 4 branches of the dungeon, and saw 22 of its levels.

You collected 2252 gold pieces.
You spent 1845 gold pieces at shops.

Inventory:

Hand Weapons
 L - a +3 short sword of electrocution (weapon)
Missiles
 p - 7 silver tomahawks (quivered)
 u - 6 needles of sleeping
 y - 84 poisoned needles
Armour
 a - a +2 hat (worn)
 r - the +3 pair of boots of Zakokem (worn) {rElec Int+9 Dex+3}
   (You found it on level 8 of the Dungeon)

   It affects your intelligence (+9).
   It affects your dexterity (+3).
   It insulates you from electricity.
 E - a +1 cloak of invisibility
 O - a +2 pair of gloves (worn)
 V - a +2 cloak (worn)
Magical Staves
 U - an uncursed staff of poison
Jewellery
 h - a ring of magical power (left hand)
 S - an amulet of magic regeneration (around neck)
 X - a ring of protection from magic (right hand)
Wands
 d - a wand of lightning (9/15)
 j - a wand of iceblast (9/15)
 t - a wand of paralysis (5/24)
 M - a wand of disintegration (17/24)
Scrolls
 i - 2 scrolls of fear
 q - 2 scrolls of summoning
 s - 9 scrolls of identify
 z - a scroll of enchant weapon
 A - 2 scrolls of recharging
 H - 2 scrolls of enchant armour
 N - 3 scrolls of remove curse
Potions
 e - 7 potions of lignification
 k - a potion of mutation {unknown}
 m - 4 potions of curing
 o - a potion of flight {unknown}
 v - 3 potions of might {unknown}
 x - a potion of haste
 B - a potion of cancellation {unknown}
 C - a potion of magic
 F - a potion of brilliance {unknown}
 G - a potion of agility {unknown}
 T - a potion of berserk rage {unknown}
 Y - 2 potions of beneficial mutation {unknown}
Books
 D - a book of the Dragon

   Spells                             Type                      Level
   a - Flame Tongue                   Conjuration/Fire             1
   b - Cause Fear                     Hexes                        4
   c - Bolt of Fire                   Conjuration/Fire             6
   d - Dragon Form                    Transmutation                7
   e - Dragon's Call                  Summoning                    9
 K - a book of Enchantments

   Spells                             Type                      Level
   a - Cause Fear                     Hexes                        4
   b - Yara's Violent Unravelling     Hexes/Transmutation          5
   c - Silence                        Hexes/Air                    5
   d - Deflect Missiles               Charms/Air                   6
   e - Haste                          Charms                       6
   f - Discord                        Hexes                        8
Miscellaneous
 b - a fan of gales
Comestibles
 c - 14 fruits
 f - 3 royal jellies
 l - 2 beef jerkies
 n - 11 meat rations
 w - 13 bread rations
 I - 3 slices of pizza


   Skills:
 + Level 7.5(7.4) Fighting
 + Level 7.1(7.0) Short Blades
 + Level 12.3(12.1) Dodging
 + Level 8.8(8.6) Stealth
 + Level 13.3(13.1) Spellcasting
 + Level 10.6(10.4) Conjurations
 + Level 5.0(4.9) Hexes
 + Level 2.7(2.6) Charms
   Level 3.0(2.8) Summonings
 + Level 2.8(2.6) Translocations
 + Level 0.8(0.6) Transmutations
 + Level 3.3(3.1) Fire Magic
 + Level 7.8(7.7) Ice Magic
 + Level 5.4(5.3) Air Magic
 + Level 6.3(6.1) Poison Magic
 + Level 1.2(1.0) Evocations


You had 3 spell levels left.
You knew the following spells:

 Your Spells              Type           Power        Failure   Level  Hunger
a - Magic Dart            Conj           ####         1%          1    None
b - Repel Missiles        Chrm/Air       #####.       1%          2    None
c - Mephitic Cloud        Conj/Pois/Air  ######..     1%          3    None
d - Throw Icicle          Conj/Ice       ######..     1%          4    None
e - Corona                Hex            #####..      1%          1    None
f - Blink                 Tloc           N/A          1%          2    None
g - Conjure Flame         Conj/Fire      ######..     1%          3    None
i - Ozocubu's Armour      Chrm/Ice       ######..     1%          3    None
j - Inner Flame           Hex/Fire       #####...     1%          3    None
k - Passage of Golubria   Tloc           N/A          12%         4    None
l - Shroud of Golubria    Chrm/Tloc      #####.....   1%          2    None
m - Bolt of Cold          Conj/Ice       ######....   12%         6    ####...
n - Ignite Poison         Fire/Tmut/Pois #####...     1%          3    None


Dungeon Overview and Level Annotations

Branches:
Dungeon (13/15)            Temple (0/1) D:7            Lair (6/6) D:8
  Swamp (0/4) Lair:2       Spider (0/4) Lair:2        Slime (0/5) Lair:5
    Orc (2/2) D:9             Elf (1/3) Orc:2
 Vaults: D:13-14

Altars:
Fedhas
Kikubaaqudgha
Pakellas
Qazlal
Sif Muna
Trog
Uskayaw
Vehumet
Xom
Yredelemnul
Zin
Beogh
Jiyva

Shops:
D:8 [*(   Orc:2 ![:?   Elf:1 }==

Annotations:
D:2 Terence


Innate Abilities, Weirdness & Mutations

You can breathe blasts of noxious fumes.
Your lurid green scales are hard. (AC +9)
Your body does not fit into most forms of armour.
Your tail ends in a poisonous barb.
Your system is resistant to poisons. (rPois)
You are cold-blooded and may be slowed by cold attacks.
You are weak. (Str -2)
You expend magic power (3 MP) to strengthen your wands.


Message History

You are feeling very hungry.
The dire flail of holy wrath hits you!
There is an open door here.
The orc priest invokes the aid of Beogh against you.
Beogh smites you!
* * * LOW HITPOINT WARNING * * *
The dire flail of holy wrath hits you but does no damage.
There is an open door here.
The dire flail of holy wrath barely misses you.
As you read the scroll of teleportation, it crumbles to dust.
You feel strangely unstable.
The dire flail of holy wrath hits you but does no damage.
The Brimstone Fiend calls on the powers of darkness!
Your body is wracked with pain!
* * * LOW HITPOINT WARNING * * *
The orc priest convulses!
The dire flail of holy wrath hits you!
* * * LOW HITPOINT WARNING * * *
It was a potion of curing.
You feel better. The dire flail of holy wrath hits you!!
You die...

.###'##(##.....####.####'###
#### .#...('#####.#####O##
#.# #... ##....## ### ##.##
###'### #... ....... ##e##
##.....###..# ...8...# ##.##
##.......##.#. .).....#
####(## ##.........##..
#..o..#####.#'##
#...........##' #....%#
#...e1#####...........##.
#######
#...o.'(@.'.....8.....##.
#.....#####...........##.
##'.### #...........##.
##.### ##.......'####'
######.##
######'#......#.....
##...#'##
##...#'###.)..##.....
##.....## ##.....##
#'####......
#.......####.......# #.#
##......
'.......'..'...)...# #.#
#.......


You could see a Brimstone Fiend, a deep elf demonologist, a dire flail of holy
wrath and an orc priest.

Vanquished Creatures
  Gastronok (Lair:2)
  Kirke (Lair:4)
  A deep elf demonologist (Elf:1)
  Nessos (D:12)
  Azrael (Orc:2)
  2 ettins
  Erolcha (Orc:1)
  Josephine (Lair:6)
  Harold (D:10)
  7 hydras
  Erica (D:10)
  2 dancing weapons (Elf:1)
  5 orc high priests (Orc:2)
  17 death yaks
  8 deep elf knights (Elf:1)
  An unseen horror (D:10)
  2 deep elf archers (Elf:1)
  3 hill giants
  A hill giant (shapeshifter) (Elf:1)
  Pikel (D:8)
  An oklob plant (Lair:6)
  The ghost of Aelig the Destroyer, a novice DEIE of Kikubaaqudgha (D:9)
  2 orc sorcerers
  5 orc knights (Orc:2)
  An ugly thing (D:12)
  16 deep elf magi
  Maurice (D:8)
  A cyclops (Orc:2)
  17 elephants
  Joseph (D:8)
  7 black mambas
  A centaur zombie (D:12)
  14 spiny frogs
  4 rime drakes
  A centaur skeleton (D:6)
  13 komodo dragons
  A gargoyle (D:12)
  3 polar bears
  10 trolls
  Prince Ribbit (D:7)
  A two-headed ogre (Orc:1)
  7 blink frogs
  10 spriggans (Lair:6)
  2 wyverns
  6 fire elementals
  5 wraiths
  Eustachio (D:4)
  A human (D:8)
  61 yaks
  4 hogs (Lair:4)
  A golden eye (shapeshifter) (Elf:1)
  6 basilisks
  12 hippogriffs
  A hungry ghost (D:11)
  4 vampire mosquitoes
  A soldier ant (D:10)
  A warg (Orc:2)
  A mottled dragon (Lair:5)
  Duvessa (D:7)
  9 water moccasins
  2 hell hounds (Orc:2)
  8 porcupines
  35 orc warriors
  5 sky beasts
  2 slaves (D:8)
  3 ice beasts
  2 wasps (Lair:6)
  4 boggarts (Lair:6)
  4 ogres
  8 black bears
  A necrophage (D:7)
  3 phantoms
  28 wolves
  3 centaurs
  22 crocodiles
  A big kobold (D:10)
  13 giant frogs
  2 earth elementals (Elf:1)
  Dowan (D:7)
  5 scorpions
  19 killer bees
  2 electric eels
  A vampire bat (Lair:3)
  9 wights (D:6)
  12 howler monkeys
  7 crimson imps
  4 jellies
  32 orc priests
  A giant frog zombie (D:12)
  19 orc wizards
  4 hounds
  2 giant frog skeletons
  3 gnoll shamans
  10 iguanas
  6 worker ants
  Ijyb (D:1)
  8 sheep
  A hound zombie (D:9)
  4 hound skeletons
  A howler monkey zombie (D:10)
  A worker ant zombie (D:11)
  17 gnolls
  12 adders
  40 river rats
  6 shadow imps
  2 oozes
  4 worms
  7 dart slugs
  5 giant geckos
  93 orcs
  8 giant cockroaches
  12 goblins
  10 hobgoblins
  18 jackals
  10 quokkas
  27 bats
  2 giant newts
  A jackal skeleton (D:5)
  11 kobolds
  16 rats
  4 fungi
  3 plants
901 creatures vanquished.

Vanquished Creatures (collateral kills)
  An elephant (Lair:4)
  4 blink frogs
  2 yaks (Lair:6)
  A hippogriff (Lair:6)
  A vampire mosquito (Lair:2)
  Menkaure (D:7)
  A water moccasin (Lair:1)
  A giant frog (Lair:2)
  A hound (D:8)
  2 orc priests (Orc:2)
  A worker ant (D:4)
  6 river rats
  2 jackals (D:8)
24 creatures vanquished.

Vanquished Creatures (others)
  A yak (D:8)
  A centaur (D:8)
  3 killer bees
  A hound (D:10)
  A bat (D:8)
  A bush (Lair:6)
  51 fungi
  30 plants
89 creatures vanquished.

Grand Total: 1014 creatures vanquished

Notes
Turn   | Place    | Note
-------+----------+-------------------------------------------
     0 | D:1      | Gagarin the Draconian Wizard began the quest for the Orb.
     0 | D:1      | Reached XP level 1. HP: 14/14 MP: 4/4
   231 | D:1      | Reached XP level 2. HP: 20/20 MP: 0/6
   295 | D:1      | Learned a level 2 spell: Repel Missiles
   716 | D:1      | Reached XP level 3. HP: 22/26 MP: 1/8
  1046 | D:1      | Learned a level 3 spell: Mephitic Cloud
  1499 | D:1      | Learned a level 2 spell: Slow
  1821 | D:2      | Noticed Ijyb
  1825 | D:2      | Noticed Terence
  2195 | D:1      | Killed Ijyb
  2195 | D:1      | Reached XP level 4. HP: 23/33 MP: 0/9
  4020 | D:3      | Found a glowing silver altar of Zin.
  4148 | D:3      | Learned a level 1 spell: Corona
  4169 | D:3      | Reached XP level 5. HP: 39/39 MP: 2/10
  4613 | D:3      | Found a bloodstained altar of Trog.
  4815 | D:3      | Noticed a phantom
  4820 | D:3      | Reached skill level 4 in Spellcasting
  5258 | D:4      | Noticed Eustachio
  5533 | D:2      | Killed a phantom
  5533 | D:2      | Reached skill level 1 in Hexes
  5533 | D:2      | Reached XP level 6. HP: 9/46 MP: 0/12
  5818 | D:3      | Reached skill level 1 in Fighting
  6405 | D:4      | Reached skill level 5 in Spellcasting
  6405 | D:4      | Your scales start taking on a lurid green colour.
  6405 | D:4      | Reached XP level 7. HP: 22/52 MP: 0/14
  6405 | D:4      | Gained mutation: Your system is resistant to poisons. (rPois) [Green Draconian growth]
  6693 | D:4      | Killed Eustachio
  6807 | D:4      | Reached skill level 1 in Poison Magic
  7004 | D:4      | Learned a level 2 spell: Blink
  7206 | D:5      | Entered Level 5 of the Dungeon
  7228 | D:5      | Reached skill level 1 in Short Blades
  7228 | D:5      | Reached skill level 5 in Dodging
  7372 | D:5      | Found a stormy altar of Qazlal.
  7375 | D:5      | Found a deep blue altar of Sif Muna.
  7375 | D:5      | Found an oddly glowing altar of Pakellas.
  7375 | D:5      | Found a shimmering altar of Xom.
  7376 | D:5      | Found a hide-covered altar of Uskayaw.
  7376 | D:5      | Found a basalt altar of Yredelemnul.
  7376 | D:5      | Found an ancient bone altar of Kikubaaqudgha.
  7403 | D:5      | Reached XP level 8. HP: 38/61 MP: 0/16
  7419 | D:5      | Became a worshipper of Sif Muna the Loreminder
  7834 | D:6      | Reached skill level 1 in Air Magic
  7957 | D:6      | Learned a level 3 spell: Conjure Flame
  8765 | D:7      | Reached skill level 6 in Spellcasting
  9076 | D:7      | Reached skill level 1 in Fire Magic
  9085 | D:7      | Noticed a hill giant
  9140 | D:7      | Killed a hill giant
  9140 | D:7      | Reached XP level 9. HP: 33/67 MP: 0/18
  9350 | D:7      | Reached skill level 1 in Evocations
  9364 | D:7      | Reached * piety under Sif Muna
  9601 | D:7      | Noticed Menkaure
 10140 | D:6      | Reached skill level 7 in Spellcasting
 10405 | D:6      | Reached skill level 5 in Conjurations
 11030 | D:6      | Noticed a troll
 11070 | D:6      | Killed a troll
 11260 | D:7      | Learned a level 2 spell: Call Imp
 11277 | D:7      | Killed Menkaure
 11294 | D:7      | Found a staircase to the Ecumenical Temple.
 11301 | D:7      | Noticed Duvessa
 11306 | D:7      | Noticed Dowan
 11342 | D:7      | Killed Dowan
 11356 | D:7      | Reached ** piety under Sif Muna
 11356 | D:7      | Reached XP level 10. HP: 67/77 MP: 1/21
 11399 | D:7      | Killed Duvessa
 12004 | D:8      | Noticed Joseph
 12012 | D:8      | Noticed Prince Ribbit
 12025 | D:8      | Noticed Pikel
 12064 | D:7      | Killed Prince Ribbit
 12212 | D:8      | Found Cudyubas's Antique Weapon Emporium.
 12281 | D:8      | Found Otygocw's Assorted Antiques.
 12287 | D:8      | Bought a scroll labeled QEUSCH COFUETE for 33 gold pieces
 12287 | D:8      | Bought a scroll labeled KOIGI AKES for 33 gold pieces
 12301 | D:8      | Found Weinal's Antique Armour Emporium.
 12304 | D:8      | Bought a pair of boots for 112 gold pieces
 12535 | D:8      | Noticed Maurice
 12783 | D:8      | Killed Pikel
 12783 | D:8      | Reached skill level 5 in Stealth
 12818 | D:8      | Reached skill level 8 in Spellcasting
 12920 | D:8      | Found a staircase to the Lair.
 12922 | D:8      | Got a pair of slimy boots
 12933 | D:8      | Identified the +3 pair of boots of Zakokem {rElec Int+9 Dex+3} (You found it on level 8 of the Dungeon)
 13045 | D:8      | Killed Joseph
 13058 | D:8      | Reached *** piety under Sif Muna
 13361 | D:8      | Killed Maurice
 13557 | D:8      | Found an oddly glowing altar of Pakellas.
 13557 | D:8      | Noticed an orange crystal statue
 13600 | Lair:1   | Entered Level 1 of the Lair of Beasts
 13697 | Lair:1   | Learned a level 4 spell: Throw Icicle
 13728 | Lair:1   | Noticed a black mamba
 13738 | Lair:1   | Killed a black mamba
 13738 | Lair:1   | Reached XP level 11. HP: 44/84 MP: 1/23
 15161 | Lair:1   | Learned a level 3 spell: Ozocubu's Armour
 15517 | Lair:2   | Learned a level 3 spell: Inner Flame
 15682 | Lair:2   | Reached **** piety under Sif Muna
 15682 | Lair:2   | Reached skill level 1 in Ice Magic
 15818 | Lair:2   | Found a staircase to the Swamp.
 15941 | Lair:2   | Reached skill level 5 in Fighting
 16378 | Lair:2   | Reached skill level 9 in Spellcasting
 16493 | Lair:2   | Found a hole to the Spider Nest.
 16598 | Lair:2   | Noticed Gastronok
 16619 | Lair:2   | Killed Gastronok
 16956 | Lair:2   | Noticed an eight-headed hydra
 16973 | Lair:2   | Killed an eight-headed hydra
 16973 | Lair:2   | Reached XP level 12. HP: 58/93 MP: 14/25
 17430 | Lair:3   | Learned a level 4 spell: Passage of Golubria
 17602 | Lair:3   | Noticed a four-headed hydra
 17611 | Lair:3   | Killed a four-headed hydra
 17611 | Lair:3   | Reached skill level 5 in Short Blades
 18482 | Lair:4   | Reached skill level 10 in Spellcasting
 18530 | Lair:4   | Reached ***** piety under Sif Muna
 18938 | Lair:4   | Reached skill level 5 in Poison Magic
 19086 | Lair:4   | Received a gift from Sif Muna
 19088 | Lair:4   | Identified Sif Muna's Incunabulum of Supportive Attacks (Sif Muna gifted it to you on level 4 of the Lair of Beasts)
 19341 | Lair:4   | Noticed a seven-headed hydra
 19356 | Lair:4   | Killed a seven-headed hydra
 19816 | Lair:4   | Noticed Kirke
 19839 | Lair:4   | Noticed a sphinx
 19840 | Lair:4   | Killed Kirke
 20247 | Lair:4   | Reached XP level 13. HP: 96/99 MP: 3/27
 20866 | Lair:5   | Found a viscous altar of Jiyva.
 20866 | Lair:5   | Found a staircase to the Slime Pits.
 21243 | Lair:4   | Reached skill level 1 in Charms
 21505 | Lair:4   | Reached skill level 11 in Spellcasting
 21649 | Lair:4   | Reached skill level 5 in Ice Magic
 21873 | Lair:5   | Reached skill level 10 in Dodging
 22803 | Lair:5   | Received a gift from Sif Muna
 22804 | Lair:5   | Identified Sif Muna's Collected Works on the Entourage (Sif Muna gifted it to you on level 5 of the Lair of Beasts)
 23675 | Lair:6   | Entered Level 6 of the Lair of Beasts
 24086 | Lair:6   | Noticed Josephine
 24090 | Lair:6   | Killed Josephine
 24488 | Lair:5   | Learned a level 2 spell: Shroud of Golubria
 25060 | Lair:6   | Gained mutation: Your tail ends in a poisonous barb. [Green Draconian growth]
 25060 | Lair:6   | Reached XP level 14. HP: 82/110 MP: 2/29
 25877 | Lair:6   | Reached skill level 5 in Air Magic
 26469 | Lair:6   | Reached skill level 12 in Spellcasting
 26481 | Lair:6   | Received a gift from Sif Muna
 26482 | Lair:6   | Identified Sif Muna's Catalogue of Captivating Cold (Sif Muna gifted it to you on level 6 of the Lair of Beasts)
 26595 | Lair:6   | Learned a level 6 spell: Bolt of Cold
 28123 | Lair:6   | Found a blossoming altar of Fedhas.
 29417 | D:9      | Noticed Aelig's ghost (novice DEIE)
 29426 | D:9      | Killed Aelig's ghost
 29570 | D:9      | Found a radiant altar of Vehumet.
 29591 | D:9      | Found a staircase to the Orcish Mines.
 29902 | Orc:1    | Entered Level 1 of the Orcish Mines
 30294 | Orc:2    | Entered Level 2 of the Orcish Mines
 30406 | Orc:2    | Found a staircase to the Elven Halls.
 30461 | Orc:2    | Noticed Azrael
 30469 | Orc:2    | Killed Azrael
 30861 | Orc:1    | Noticed Erolcha
 30872 | Orc:1    | Killed Erolcha
 31056 | Orc:1    | Found a roughly hewn altar of Beogh.
 31633 | Orc:2    | Received a gift from Sif Muna
 31634 | Orc:2    | Identified Sif Muna's Grimoire of Creative Self-Improvement (Sif Muna gifted it to you on level 2 of the Orcish Mines)
 31674 | Orc:2    | Reached XP level 15. HP: 51/117 MP: 1/31
 32486 | Orc:2    | Reached skill level 5 in Hexes
 32554 | Orc:2    | Reached skill level 10 in Conjurations
 32852 | Orc:2    | Found Nezir's Distillery.
 32854 | Orc:2    | Found Lafebass's Magic Scroll Shoppe.
 32854 | Orc:2    | Found Zexaism's Book Emporium.
 32863 | Orc:2    | Found Masag's Antique Armour Shoppe.
 32885 | Orc:2    | Bought a potion of magic for 88 gold pieces
 32886 | Orc:2    | Bought a book of Annihilations for 1435 gold pieces
 32890 | Orc:2    | Bought a scroll of remove curse for 48 gold pieces
 32890 | Orc:2    | Bought a scroll of remove curse for 48 gold pieces
 32890 | Orc:2    | Bought a scroll of remove curse for 48 gold pieces
 33449 | D:10     | Entered Level 10 of the Dungeon
 33858 | D:10     | Noticed Harold
 33891 | D:10     | Killed Harold
 34190 | D:10     | Identified the Incunabulum of the Ashen Birds
 34385 | D:10     | Noticed Erica
 34420 | D:10     | Killed Erica
 34871 | D:10     | Learned a level 3 spell: Ignite Poison
 36313 | D:12     | Noticed Nessos
 36424 | D:12     | Killed Nessos
 36577 | D:12     | Reached skill level 13 in Spellcasting
 37466 | Elf:1    | Entered Level 1 of the Elven Halls
 37909 | Elf:1    | Received a gift from Sif Muna
 37942 | Elf:1    | Noticed a Brimstone Fiend
 38729 | Elf:1    | Found Gyrph's Jewellery Boutique.
 38732 | Elf:1    | Found Hogu's Gadget Emporium.
 38733 | Elf:1    | Found Hyicsid's Jewellery Boutique.
 38830 | Elf:1    | Gained mutation: You are weak. (Str -2) [a neqoxec]
 38833 | Elf:1    | Gained mutation: You expend magic power (3 MP) to strengthen your wands. [a neqoxec]
 39787 | Elf:1    | Noticed a Brimstone Fiend
 39793 | Elf:1    | HP: 3/118 [dire flail of holy wrath (14)]
 39794 | Elf:1    | Mangled by a dire flail of holy wrath

Vault maps used:
D:1:      erik_arrival_blinker_ship
D:2:      serial_bayou_lagoon_a, uniq_iyjb, uniq_terence
D:3:      old_standard_altar, bloody_trog, first_bread
D:4:      uniq_eustachio
D:5:      grunt_temple_overflow_open
D:7:      uniq_duvessa, uniq_menkaure
D:8:      grunt_lair_entry_orc_guard_hut, serial_shops,
          nicolae_shop_competitors_out_of_business, kennysheep_mini,
          nicolae_shop_trees, grunt_pizzeria,
          gammafunk_pakellas_statue_experiment, uniq_maurice,
          uniq_prince_ribbit1, uniq_joseph, uniq_pikel
D:9:      nicolae_overflow_crystal_walls, hiddenorc1_lemuel
D:10:     uniq_harold, uniq_erica
D:12:     minmay_misc_feat_room, minivault_22, uniq_nessos
D:13:     erik_vaults_2
Lair:1:   hangedman_lair_generics_rect
Lair:2:   minmay_swamp_entry_swarm, dummy_spider_entry, serial_bayou,
          serial_bayou_crossing, serial_bayou_shore_a, serial_bayou_ford_a,
          serial_bayou_pond_a, infiniplex_staircase_pool_2, uniq_gastronok
Lair:3:   statuecave_lemuel, roderic_batcave, grunt_megastairs_4
Lair:4:   uniq_kirke
Lair:5:   slime_altar_1, bobbens_dragon_lair_wall, grunt_megastairs_1
Lair:6:   minmay_lair_end_enchanted_forest, nicolae_quartered_pool_medium,
          tgw_fedhas, grunt_megastairs_2, uniq_josephine
Orc:1:    minmay_orc_temple_a, uniq_erolcha
Orc:2:    st_orc_pillars, uniq_azrael
Elf:1:    orc_legates, st_stairs_12, minmay_shop_grove

Skill      XL: |  1  2  3  4  5  6  7  8  9 10 11 12 13 14 15 |
---------------+----------------------------------------------+-----
Dodging        | 2 3 5 6 7 8 9 10 11 12 | 12.3
Conjurations   | 2 3 4 5 6 7 8 9 10 | 10.6
Stealth        | 2 3 4 5 6 7 8 |  8.8
Spellcasting   | 4 5 6 7 8 9 10 11 12 13 | 13.3
Hexes          | 1 2 3 4 5 |  5.0
Fighting       | 1 2 3 4 5 6 7 |  7.5
Poison Magic   | 1 2 4 5 6 |  6.3
Short Blades   | 1 2 3 4 5 6 7 |  7.1
Air Magic      | 1 2 3 4 5 |  5.4
Fire Magic     | 1 2 3 |  3.3
Evocations     | 1 |  1.2
Summonings     | 2 3 |  3.0
Ice Magic      | 2 4 5 6 7 |  7.8
Charms         | 1 2 |  2.7
Translocations | 2 |  2.8
Transmutations | |  0.8

Action                   |  1- 3 |  4- 6 |  7- 9 | 10-12 | 13-15 || total
-------------------------+-------+-------+-------+-------+-------++-------
Melee: Unarmed           |   185 |    61 |       |       |       ||   246
       Tailslap          |     9 |    22 |    50 |   104 |   240 ||   425
       Short sword       |       |   221 |   342 |   811 |  1438 ||  2812
       Rapier            |       |       |   138 |       |       ||   138
       Dagger            |       |       |       |       |   152 ||   152
 Cast: Magic Dart        |   114 |   144 |   221 |    89 |    84 ||   652
       Repel Missiles    |     1 |       |       |       |     3 ||     4
       Mephitic Cloud    |     2 |    13 |    51 |    93 |   118 ||   277
       Slow              |     1 |       |       |       |       ||     1
       Corona            |       |    44 |    45 |    46 |    71 ||   206
       Conjure Flame     |       |       |    21 |     8 |     9 ||    38
       Call Imp          |       |       |     3 |    20 |    21 ||    44
       Throw Icicle      |       |       |       |   142 |   427 ||   569
       Inner Flame       |       |       |       |    19 |    33 ||    52
       Ozocubu's Armour  |       |       |       |     4 |    48 ||    52
       Blink             |       |       |       |     1 |    15 ||    16
       Passage of Golubr |       |       |       |     2 |     3 ||     5
       Shroud of Golubri |       |       |       |       |    36 ||    36
       Bolt of Cold      |       |       |       |       |    33 ||    33
       Ignite Poison     |       |       |       |       |     6 ||     6
 Abil: Breathe Noxious F |       |       |    12 |    13 |    10 ||    35
Evoke: Wand              |       |       |     2 |     2 |     6 ||    10
       Sack of spiders   |       |       |       |       |     2 ||     2
  Use: Potion            |     3 |       |     1 |       |     7 ||    11
       Scroll            |       |       |     1 |    13 |    18 ||    32
 Stab: Confused          |     3 |     5 |    26 |    41 |    63 ||   138
       Sleeping          |     1 |     2 |     1 |     8 |    23 ||    35
       Distracted        |       |       |       |       |     2 ||     2
  Eat: Chunk             |     3 |    11 |    11 |    29 |    63 ||   117
       Bread ration      |       |     1 |       |       |       ||     1
       Meat ration       |       |       |     2 |       |       ||     2
       Pizza             |       |       |     1 |       |     6 ||     7
       Beef jerky        |       |       |       |     1 |       ||     1
Armor: Skin              |   136 |   101 |   151 |   262 |   627 ||  1277
Dodge: Dodged            |   205 |   214 |   383 |   744 |  1507 ||  3053
       Deflected         |     1 |     2 |       |       |    21 ||    24
